 Dungeon Crawl Stone Soup version 0.28-a0-957-g42eb19b844 (console) character file.

Game seed: 3633164585060429938

41 petzl the Vexing (level 3, 0/22 (24) HPs)
             Began as an Octopode Arcane Marksman on Dec 1, 2021.
             Slain by a goblin (1 damage)
             ... led by Robin
             ... on level 2 of the Dungeon.
             The game lasted 00:03:12 (1731 turns).

petzl the Vexing (Octopode Arcane Marksman)         Turns: 1731, Time: 00:03:13

HP:   0/22 (24)     AC:  1    Str:  9    XL:     3   Next: 52%
MP:   5/5           EV: 13    Int: 17    God:
Gold: 81            SH:  0    Dex: 12    Spells: 4/5 levels left

rFire   . . .      SeeInvis .   b - +4 spear {!f =f}
rCold   . . .      Faith    .   (no shield)
rNeg    . . .      Spirit   .   (helmet restricted)
rPois   .          Reflect  .   (no amulet)
rElec   .          Harm     .   (no ring)
rCorr   .          Rampage  .   (no ring)
Will    .....                   (no ring)
Stlth   +++.......              (no ring)
HPRegen 0.07/turn               (no ring)
MPRegen 0.09/turn               (no ring)
                                (no ring)
                                (no ring)

@: drained
A: almost no armour, amphibious, 8 rings, camouflage 1, gelatinous body 1,
(nimble swimmer 1), tentacles
a: no special abilities


You were on level 2 of the Dungeon.
You visited 1 branch of the dungeon, and saw 3 of its levels.

You collected 81 gold pieces.

Inventory:

Hand Weapons
 a - a +0 hand crossbow
 b - a +4 spear (weapon) {!f =f}
 j - a +1 dagger of flaming {!f =f}
Missiles
 c - 17 bolts
Wands
 h - a wand of charming (9)
Scrolls
 d - a scroll of amnesia {unknown}
Potions
 e - 2 potions of might {unknown}
 f - a potion of berserk rage {unknown}
 g - 2 potions of cancellation {unknown}
 i - a potion of mutation {unknown}


   Skills:
 + Level 1.7 Fighting
 + Level 2.4 Crossbows
 + Level 2.4 Dodging
 + Level 1.7 Stealth
 + Level 1.5 Spellcasting
 - Level 3.0 Hexes


You had 4 spell levels left.
You knew the following spells:

 Your Spells              Type           Power      Damage    Failure   Level
a - Slow                  Hex            44%        N/A       6%          1

Your spell library contained the following spells:

 Spells                   Type           Power      Damage    Failure   Level
 Inner Flame              Hex/Fire       6%         N/A       32%         3
 Portal Projectile        Hex/Tloc       12%        N/A       32%         3
 Cause Fear               Hex            5%         N/A       52%         4


Dungeon Overview and Level Annotations

Branches:
Dungeon (3/15)

Altars:

Shops:
D:1 !*[

Annotations:
D:2 1 runed translucent door, Crazy Yiuf
D:3 Robin


Innate Abilities, Weirdness & Mutations

You cannot wear most types of armour.
You are amphibious.
You can wear up to eight rings at the same time.
Your skin changes colour to match your surroundings (Stealth+).
Your rubbery body absorbs attacks. (AC +1, EV +1)
((You are camouflaged near water. (Stealth+)))
You have tentacles for arms and can constrict up to eight enemies at once.


Message History

The goblin is heavily wounded.
You constrict the goblin. The goblin hits you with a +0 club.
A hobgoblin comes into view.
You hit the goblin.
You kill the goblin!
Robin throws the goblin at you!
You hit the hobgoblin. You grab the hobgoblin.
The hobgoblin is severely wounded.
You constrict the hobgoblin.
You kill the hobgoblin!
The goblin hits you but does no damage.
You barely miss the goblin. You grab the goblin. You constrict the goblin.
The goblin hits you with a +0 club. The goblin hits you but does no damage.
You hit the goblin. You grab the goblin.
The goblin is almost dead.
You constrict the goblin.
You kill the goblin!
You constrict the goblin.
You kill the goblin!
You see here a +0 club.
Robin throws the goblin at you! The goblin closely misses you. x2
There is a stone staircase leading up here.
You barely miss the goblin. Your grab misses the goblin.
The goblin closely misses you.
You barely miss the goblin. Your grab misses the goblin.
Your squeeze misses the goblin. The goblin closely misses you.
You puncture the goblin!
You kill the goblin!
The goblin hits you with a +0 dagger of draining.
* * * LOW HITPOINT WARNING * * *
You feel drained.
* * * LOW HITPOINT WARNING * * *
Unknown command.
The goblin barely misses you.
You climb upwards.
Level annotation: 1 runed translucent door, Crazy Yiuf
There is a stone staircase leading down here.
The goblin hits you with a +0 dagger of draining.
* * * LOW HITPOINT WARNING * * *
You feel drained.
You die...

### ♣♣♣.♣....#.##### ♣♣♣♣♣###.....# ###
#.....# #(############ #.....# #............#
#.....# ######## #............# #.....#
#.....<.
#............######.....###############.......
#.............................................
#................##.....####...##..####.......
#########................###...##.## #.......
#.....#.###......##.......#####....... ####
#####............##.............###### #..##
######..............######### # ##..#
#######..............## # ##.#
#.....#.........#.....### # #.#
#.###...............#...## # #.###
#..###..........###...#..## ####
#...######............#..####..#..######...
###.##..)....###.#@#..##...................
#....####.## #.g>#...............###.....
##..## #.#####.###.#................#... #..##
#.#......#....#...........#.##...
##..####...####.>...............##......
#####....###...........................÷...
#....................................#.....
#........##......#......>..................
#...........##.#.#..................#......
#................#...........).....#..#####
#....^..######.#...................#.##
#...)....# ###....(.......##.#....##.#
#........###........#...####...##..#.#
########......##..[.†...........##...##
###.##........)..........####..###
###.######..#......(.....####....# #...#
#...#........#.####...##.#
#.#######.#............# #..####.# #####.#
##...<#.#.........## #.## #.#


You could see a goblin.

Vanquished Creatures
  2 dart slugs
  2 ball pythons (D:2)
  2 endoplasms (D:1)
  8 goblins
  4 hobgoblins
  4 jackals (D:1)
  A kobold (D:2)
  A quokka (D:2)
  A bat (D:1)
  3 frilled lizards (D:1)
  4 rats
32 creatures vanquished.

Vanquished Creatures (others)
  A plant (D:3)
1 creature vanquished.

Grand Total: 33 creatures vanquished

Notes
Turn   | Place    | Note
-------+----------+-------------------------------------------
     0 | D:1      | petzl the Octopode Arcane Marksman began the quest for the
                  | Orb.
     0 | D:1      | Reached XP level 1. HP: 13/13 MP: 2/2
   104 | D:1      | Found Qolazu's General Store.
   128 | D:1      | Found Pumog's Distillery.
   338 | D:1      | Found Ashamova's Antique Armour Emporium.
   343 | D:1      | Reached XP level 2. HP: 18/18 MP: 3/3
   405 | D:1      | Reached skill level 1 in Stealth
  1269 | D:2      | Reached XP level 3. HP: 23/23 MP: 5/5
  1566 | D:2      | Found a runed translucent door.
  1567 | D:2      | Noticed Crazy Yiuf
  1712 | D:3      | Noticed Robin
  1731 | D:2      | HP: 1/23 [goblin[Robin] (4)]
  1731 | D:2      | Slain by a goblin

Illustrated notes

Levels and vault maps discovered:
D:1:      minmay_arrival_checkered_box, layout_basic, serial_shops,
          nicolae_shop_advertising_works [nicolae_subvault_shop_adworks], shop,
          shop, glass_columns_a, serial_park_tiny_1
D:2:      layout_rooms, uniq_crazy_yiuf_cottage
D:3:      wad_woods_settlement, layout_loops_ring, mainiacjoe_overflow_brackets,
          shapermc_ecumenical_altar_mp_vishouse, st_stairs_3,
          minmay_misc_feat_ornament, uniq_robin

Skill      XL: |  1  2 |
---------------+-------+-----
Stealth        | 1 |  1.7
Fighting       | |  1.7
Crossbows      | |  2.4
Dodging        | |  2.4
Spellcasting   | |  1.5
Hexes          | |  3.0

Action                   || total
-------------------------++-------
Melee: Spear             ||    23
       Constrict         ||     7
       Tentacles         ||     2
 Fire: Hand crossbow     ||    40
 Stab: Sleeping          ||     4
Armor: Skin              ||     6
Dodge: Dodged            ||    26

Table legend: (Time is in decaauts)
 A = Elapsed time spent in this place.
 B = Non-inter-level travel time spent in this place.
 C = Inter-level travel time spent in this place.
 D = Time resting spent in this place.
 E = Time spent auto-exploring this place.
 F = Levels seen in this place.
 G = Mean time per level.
                   A        B        C        D        E       F      G
               +--------+--------+--------+--------+--------+-----+--------+
         Total |   1748 |   1625 |    123 |    154 |   1266 |   3 |  582.7 |
       Dungeon |   1748 |   1625 |    123 |    154 |   1266 |   3 |  582.7 |
               +--------+--------+--------+--------+--------+-----+--------+

Top non-repeatable levels by time:
     D:1: 1208 daAuts
     D:2: 514 daAuts
     D:3: 25 daAuts
